Map: Acid Plant LE

Players

DisK

  • Race: Protoss Protoss
  • Spawn Location: 11:00

Semper - Winner!

  • Race: Terran Terran
  • Spawn Location: 5:00

Event: WCS Montreal 2018

VOD

Have the link to the VOD?

Description

Time

  • Played on: Sept. 7, 2018, 3:31 p.m.
  • Length: 9:07

All games in this series

Show
View Real Time Build Order
Export as new Build Order

DisK Protoss 

Build Orders: 1 Gate Expand, Blink Stalkers 

Get SALT Encoding   

  12  0:01  Probe  
  13  0:13  Probe  
  14  0:17  Pylon  
  14  0:23  Probe  
  15  0:31  Probe  
  15  0:38  Gateway  
  15  0:39  Probe  
  16  0:48  Assimilator  
  17  0:51  Probe  
  18  1:03  Probe  
  19  1:26  Cybernetics Core  
  19  1:33  Nexus  
  19  1:36  Probe  
  20  1:43  Pylon  
  20  1:52  Assimilator, Probe  
  20  1:54  Adept  
  21  2:03  Warp Gate  
  22  2:08  Probe  
  23  2:18  Probe  
  23  2:20  Adept  
  26  2:26  Probe  
  26  2:30  Twilight Council  
  26  2:35  Probe  
  28  2:50  Probe  
  27  2:54  Probe  
  29  2:59  Probe  
  29  3:03  Blink  
  30  3:06  Probe  
  30  3:10  Gateway  
  30  3:12  Gateway, Probe  
  32  3:21  Probe  
  32  3:26  Probe  
  32  3:27  Shield Battery  
  32  3:42  Probe x2  
  34  3:54  Probe x2  
  36  4:06  Stalker x3, Probe  
  44  4:10  Probe  
  44  4:11  Pylon  
  44  4:17  Robotics Facility  
  44  4:18  Probe  
  44  4:22  Probe  
  46  4:24  Assimilator  
  46  4:30  Stalker  
  48  4:31  Stalker  
  47  4:46  Probe x2  
  47  4:47  Stalker  
  51  4:57  Stalker  
  51  4:58  Probe  
  54  5:03  Pylon  
  54  5:14  Pylon  
  54  5:17  Nexus  
  54  5:21  Probe x2  
  56  5:24  Observer  
  56  5:25  Charge  
  57  5:32  Forge  
  57  5:34  Probe  
  57  5:35  Probe  
  59  5:38  Sentry  
  59  5:39  Sentry  
  59  5:42  Assimilator  
  63  5:45  Stalker  
  63  5:47  Observer  
  63  5:48  Probe  
  68  5:50  Probe  
  68  6:03  Probe x2  
  70  6:04  Gateway  
  70  6:05  Gateway  
  68  6:21  Robotics Bay  
  68  6:25  Stalker x2  
  68  6:31  Probe  
  58  6:35  Probe  
  58  6:37  Probe  
  57  6:40  Probe  
  57  6:43  Probe  
  57  6:45  Probe  
  59  6:47  Protoss Ground Weapons Level 1  
  59  6:50  Probe  
  59  6:51  Probe  
  62  6:57  Probe  
  62  6:58  Colossus  
  64  7:02  Probe  
  64  7:05  Probe  
  66  7:09  Probe  
  66  7:14  Probe  
  66  7:15  Probe  
  74  7:17  Probe  
  74  7:18  Observer  
  76  7:27  Probe x2  
  76  7:31  Probe  
  76  7:33  Zealot x2  
  76  7:34  Zealot  
  85  7:38  Pylon  
  85  7:41  Pylon  
  85  7:56  Observer  
  85  7:58  Stalker x2, Zealot x2  
  87  8:01  Zealot x5  
  87  8:05  Probe x2  
  95  8:07  Probe  
  96  8:21  Stalker x2  
  96  8:24  Pylon x2  
  88  8:45  Stalker x2  
  88  8:46  Stalker x3  
Show
View Real Time Build Order
Export as new Build Order

Semper Terran - Winner!

Build Orders: Gas First Reaper Expand, Reaper Expand, MMM Bio 

Get SALT Encoding   

  12  0:00  SCV  
  13  0:13  SCV  
  14  0:17  Supply Depot  
  14  0:25  SCV  
  14  0:28  Refinery  
  15  0:39  SCV  
  16  0:44  Barracks  
  16  0:51  SCV  
  17  1:03  SCV  
  18  1:15  SCV  
  19  1:31  Orbital Command  
  19  1:32  Reaper  
  20  1:46  Command Center  
  20  2:01  Factory  
  20  2:02  SCV  
  20  2:08  Barracks Reactor  
  21  2:15  SCV, Supply Depot  
  22  2:21  Refinery  
  22  2:27  SCV  
  23  2:39  SCV  
  24  2:48  Starport  
  24  2:53  Hellion x2, SCV  
  28  3:02  Supply Depot  
  28  3:08  SCV  
  29  3:14  Hellion  
  31  3:24  SCV, Hellion  
  34  3:29  Medivac  
  36  3:35  Barracks Tech Lab  
  36  3:36  SCV  
  36  3:38  Orbital Command  
  37  3:44  Cyclone  
  37  3:48  SCV  
  41  3:51  Cyclone  
  44  4:00  SCV  
  45  4:07  SCV  
  46  4:10  Bunker  
  46  4:12  SCV, Supply Depot  
  46  4:21  SCV  
  47  4:25  SCV  
  47  4:27  Marine x2  
  50  4:32  Engineering Bay  
  50  4:33  SCV  
  50  4:35  Supply Depot  
  50  4:36  Liberator  
  51  4:44  SCV  
  51  4:45  SCV  
  53  4:46  Siege Tank, Marine x2  
  58  4:56  SCV  
  58  4:57  SCV  
  58  4:59  Missile Turret  
  63  5:04  Marine x2  
  65  5:08  SCV  
  65  5:10  SCV  
  65  5:11  Barracks  
  65  5:12  Terran Infantry Weapons Level 1  
  65  5:13  Barracks  
  67  5:20  SCV  
  68  5:22  Refinery  
  68  5:27  SCV, Supply Depot  
  69  5:31  Siege Tank, Marine x2  
  74  5:36  SCV  
  74  5:39  Starport Tech Lab  
  75  5:44  SCV  
  75  5:48  SCV, Marine  
  75  5:49  Marine  
  79  5:57  Command Center  
  79  6:02  SCV x2  
  79  6:04  Starport Reactor  
  80  6:07  Stimpack  
  80  6:11  Combat Shields  
  79  6:13  Factory Reactor  
  79  6:14  SCV, Refinery  
  79  6:17  Supply Depot  
  79  6:18  Marauder, Marine x2  
  83  6:22  SCV  
  80  6:35  Marauder  
  80  6:36  Marine x2  
  80  6:37  SCV  
  80  6:39  SCV  
  78  6:42  Medivac, Marauder  
  78  6:44  Medivac  
  84  6:50  SCV  
  84  6:53  Marine  
  86  6:54  Barracks  
  86  6:57  Barracks  
  86  6:58  Widow Mine  
  86  6:59  Widow Mine  
  86  7:01  Marine  
  91  7:03  SCV  
  91  7:05  SCV  
  93  7:09  Marauder  
  93  7:12  Orbital Command  
  93  7:15  Marauder, SCV  
  98  7:21  Widow Mine x2  
  102  7:23  Marine x2  
  102  7:28  Medivac  
  104  7:36  Marauder  
  108  7:37  Marauder  
  108  7:38  SCV  
  108  7:41  Orbital Command  
  108  7:43  Supply Depot x2  
  109  7:44  Barracks Reactor, Barracks Tech Lab  
  109  7:45  SCV, Marine  
  109  7:46  Marine  
  112  7:52  Medivac  
  112  7:55  Widow Mine  
  112  7:56  Widow Mine  
  112  7:57  Marine  
  117  8:04  SCV, Marine  
  117  8:05  Marauder  
  121  8:08  Marine  
  121  8:09  Marauder  
  124  8:15  Marine  
  125  8:22  Marine  
  125  8:24  SCV  
  125  8:25  SCV x2, Marine  
  125  8:26  Marine  
  131  8:27  Refinery  
  131  8:28  Refinery  
  131  8:30  Marauder, Starport  
  128  8:44  Marine  
  128  8:45  Marauder, SCV  
  128  8:47  Marine x2  
  125  8:50  SCV x2  
Tags
 
Add a new tag
Caveats
  • Supply blocks, unpowered buildings, or Contaminate may cause inaccurate times.
  • Supply counts are checked every 10 seconds.